cohdb
Replays
Latest Replays
All Replays
Popular Replays
Top Player Replays
Match Explorer
How It Works
Community
CoH3 Stats
Reddit
Sign in to upload your games and track your stats! →
Sign in with Steam
Match 41347025
Unlisted
Match 41347025
Overview
Messages
Build Orders
End
Engineer Squad
Construct Weapon Support Center
Construct Weapon Support Center
Selects Heavy Weapons
M1919 Machine Gun Team
Bazooka Squad
M1919 Machine Gun Team
Air Support Center
Selects M2HB .50cal Heavy Machine Gun
Grasshopper Recon Run
Engineer Squad
Construct Medical Station
Selects Assault Carriers
M3 Assault Carrier
Bazooka Squad
Grasshopper Recon Run
Sniper
Bazooka Squad
P-47 Strafing Run
P-47 Dive Bomb
Grasshopper Recon Run
Construct Tank Depot
P-47 Dive Bomb
M18 Hellcat Tank Destroyer
Grasshopper Recon Run
P-47 Strafing Run
P-47 Dive Bomb
Engineer Squad
M18 Hellcat Tank Destroyer
P-47 Strafing Run
Grasshopper Recon Run
Engineer Squad
Grasshopper Recon Run
P-47 Strafing Run
M18 Hellcat Tank Destroyer
Selects Halftrack Strongpoints
P-47 Dive Bomb
Selects M26 Pershing Heavy Tank
P-47 Strafing Run
Bazooka Squad
Grasshopper Recon Run
M3 Assault Carrier
P-47 Strafing Run
ßoo
alicece2
chazburrell
Irish_Templar
Naveed #No2IRGC
Sitonia
0
0
Comments
sign in to comment!
No comments posted yet!